 Dungeon Crawl Stone Soup version 0.29-a0-362-g5854e031c7 (webtiles) character file.

Game seed: 5849427846906109401

33 spiderkeys the Skirmisher (level 3, -3/29 HPs)
             Began as a Mummy Abyssal Knight on Apr 30, 2022.
             Was a Believer of Lugonu.
             Slain by Natasha (4 damage)
             ... on level 2 of the Dungeon.
             The game lasted 00:01:23 (1464 turns).

spiderkeys the Skirmisher (Mummy Abyssal Knight)    Turns: 1464, Time: 00:01:24

Health: -3/29      AC:  5    Str: 16    XL:     3   Next: 12%
Magic:  4/4        EV: 10    Int: 11    God:    Lugonu [**....]
Gold:   68         SH:  0    Dex: 12    Spells: 4/4 levels left

rFire   x . .      SeeInvis .   a - +1 spear
rCold   + . .      Faith    .   (no shield)
rNeg    + + +      Spirit   .   d - +0 ring mail rPois โˆž Reflect .
                                (no helmet)
rElec   .          Harm     .   (no cloak)
rCorr   .          Rampage  .   (no gloves)
Will    .....                   (no boots)
Stlth   +.........              (no amulet)
HPRegen 0.09/turn               (no ring)
MPRegen 0.09/turn               (no ring)

@: slowed, very slow
A: cold resistance 1, negative energy resistance 3, torment resistance 2, heat
vulnerability 1, in touch with death 1, no potions
a: Renounce Religion, Depart the Abyss, Bend Space


You were on level 2 of the Dungeon.
You worshipped Lugonu.
Lugonu was pleased with you.
You visited 1 branch of the dungeon, and saw 2 of its levels.
You visited the Abyss 1 time.

You collected 68 gold pieces.


Innate Abilities, Weirdness & Mutations

You are immune to poison.
Your flesh is cold resistant. (rC+)
You are immune to negative energy. (rN+++)
You are immune to unholy pain and torment.
You are vulnerable to heat. (rF-)
You are in touch with the powers of death.
You do not drink.


   Skills:
 + Level 3.3 Fighting
 + Level 1.9 Polearms
 - Level 1.5 Armour
 + Level 1.2 Dodging
 + Level 1.2 Spellcasting
 + Level 2.0 Invocations


You had 4 spell levels left.
You didn't know any spells.
Your spell library was empty.

Inventory:

Hand Weapons
 a - a +1 spear (weapon)
Missiles
 f - 14 stones
Armour
 b - a +0 leather armour
 c - a +0 chain mail
   (You found it on level 1 of the Dungeon)
 d - a +0 ring mail (worn)
   (You found it on level 1 of the Dungeon)
 e - a +0 leather armour
   (You found it on level 1 of the Dungeon)
 g - a +0 ring mail
   (You found it on level 1 of the Dungeon)
Scrolls
 h - a scroll of identify {unknown}
 i - 2 scrolls of teleportation {unknown}

Dungeon Overview and Level Annotations

Branches:
Dungeon (2/15)

Altars:

Annotations:
D:2 Natasha

.. #..#...##. #.#
######## ##.##..###.
#..##......###...!..# #.
#.........#...#.##รท# #.
#...........###.#..# #.
##..5...### ..#.####.
#...(..###..........
##...................
#..ยง@.....)..........
#..5h................
#..$โ€ .......<........
?.....#..............#
#.......#.....(.........
................ ......
...####........ ... ...
.>...


You could see Natasha, a crimson imp (summoned) and a white imp (summoned).


Message History

You closely miss the quokka. The quokka bites you.
The quokka closely misses you. ๐Ÿ˜• HP[-1]
You take 1 damage, and now have 22/29 hp.
You hit the quokka but do no damage.
The quokka bites you but does no damage.
You hit the quokka but do no damage.
The quokka bites you but does no damage.
You miss the quokka. The quokka bites you. ๐Ÿ˜ฎ HP[-2]
You take 2 damage, and now have 20/29 hp.
You are too injured to fight recklessly!
You are too injured to fight recklessly!
You are too injured to fight recklessly!
You are too injured to fight recklessly!
You hit the quokka but do no damage. The quokka bites you. x2
* * * LOW HITPOINT WARNING * * *
๐Ÿ˜จ HP[-7]
You take 7 damage, and now have 13/29 hp.
MASSIVE DAMAGE!! (PAUSE)
You barely miss the quokka. The quokka bites you.
* * * LOW HITPOINT WARNING * * *
๐Ÿ˜จ HP[-2]
You take 2 damage, and now have 11/29 hp.
You hit the quokka. The quokka barely misses you.
You hit the quokka. The quokka closely misses you.
You hit the quokka.
The quokka bites you but does no damage. ๐Ÿ˜จ HP[+1]
You hit the quokka but do no damage. The quokka bites you.
* * * LOW HITPOINT WARNING * * *
The quokka barely misses you. ๐Ÿ˜จ HP[-3]
You take 3 damage, and now have 9/29 hp.
You barely miss the quokka. The quokka closely misses you.
You hit the quokka.
You kill the quokka!
Lugonu accepts your kill.
Found an escape hatch in the ceiling.
You see here a quokka corpse.
Key pressed, stopping explore.
Key pressed, stopping explore.
Key pressed, stopping explore.
You see here 2 purple potions.
Key pressed, stopping explore.
Natasha, Servant of Life and Death comes into view.
Natasha hisses angrily.
A quokka comes into view.
You see here 10 stones. ๐Ÿ˜Ž HP[+20]
Your hp is fully restored (29).
Natasha stares at you and mumbles some strange words.
You resist with some effort.
Found a stone staircase leading down.
You reach to attack!
You hit the quokka.
You kill the quokka!
Lugonu accepts your kill.
You reach to attack!
You hit Natasha. Natasha claws you. ๐Ÿ˜• HP[-4]
You take 4 damage, and now have 25/29 hp.
You hit Natasha. Natasha closely misses you.
You hit Natasha but do no damage.
Natasha casts a spell.
You closely miss Natasha.
Natasha casts a spell.
You closely miss Natasha. The white imp barely misses you. Natasha claws you.
The crimson imp hits you. ๐Ÿ˜ฎ HP[-10]
You take 10 damage, and now have 15/29 hp.
MASSIVE DAMAGE!! (PAUSE)
You closely miss Natasha. The white imp closely misses you.
The crimson imp hits you.
* * * LOW HITPOINT WARNING * * *
Natasha claws you.
* * * LOW HITPOINT WARNING * * *
๐Ÿ˜จ HP[-5]
You take 5 damage, and now have 10/29 hp.
You closely miss Natasha. Natasha closely misses you.
The white imp gestures at you. The puff of frost hits you. You resist.
* * * LOW HITPOINT WARNING * * *
The crimson imp completely misses you. ๐Ÿ˜จ HP[-2]
You take 2 damage, and now have 8/29 hp.
You hit Natasha but do no damage. The white imp closely misses you.
The crimson imp closely misses you. Natasha claws you.
* * * LOW HITPOINT WARNING * * *
๐Ÿ˜ฑ HP[-4]
You take 4 damage, and now have 4/29 hp.
You hit Natasha.
The crimson imp blinks!
Natasha stares at you and mumbles some strange words.
You feel yourself slow down. The white imp hits you.
* * * LOW HITPOINT WARNING * * *
The white imp freezes you. You resist.
* * * LOW HITPOINT WARNING * * *
๐Ÿ˜ฑ HP[-3]
You take 3 damage, and now have 1/29 hp.
You hit Natasha. The white imp misses you. Natasha claws you.
You die...

Skill      XL: |  1  2  3 |
---------------+----------+-----
Dodging        | 1 |  1.2
Spellcasting   | 1 |  1.2
Invocations    | 2 |  2.0
Fighting       | |  3.3
Polearms       | |  1.9
Armour         | |  1.5

Action                   || total
-------------------------++-------
Melee: Spear             ||   123
Armor: Leather armour    ||    14
       Ring mail         ||    21
Dodge: Dodged            ||    66

Levels and vault maps discovered:
D:1:      dpeg_arrival_three_same_balls, layout_basic,
          hellmonk_ecumenical_altar_leap_of_faith, minmay_large_rounded_square
D:2:      layout_rooms, serial_park_tiny_1,
          nicolae_concentric_dashed_squares_wild,
          chequers_serial_rivers_micro_a, uniq_natasha

Notes
Turn   | Place    | Note
-------+----------+-------------------------------------------
     0 | Abyss:1  | spiderkeys the Mummy Abyssal Knight began the quest for the
                  | Orb.
     0 | Abyss:1  | Reached XP level 1. HP: 18/18 MP: 2/2
     0 | Abyss:1  | magus.rc [v1.11.3]
     5 | Abyss:1  | Found a corrupted altar of Lugonu.
    20 | D:1      | You pass through the gate.
    20 | D:1      | Escaped the Abyss
   155 | D:1      | Reached skill level 1 in Dodging
   387 | D:1      | Reached XP level 2. HP: 24/24 MP: 3/3
   736 | D:1      | Found a faded altar of an unknown god.
   746 | D:1      | Reached skill level 1 in Spellcasting
   992 | D:2      | HP: 4/24 [worm (8)]
   996 | D:2      | Gained mutation: You are in touch with the powers of death.
                  | [Mummy growth]
   996 | D:2      | Reached XP level 3. HP: 6/29 MP: 4/4
  1199 | D:2      | Reached skill level 2 in Invocations
  1451 | D:2      | Noticed Natasha
  1462 | D:2      | HP: 4/29 [Natasha (4)]
  1463 | D:2      | HP: 1/29 [white imp[Natasha] (2)]
  1464 | D:2      | Slain by Natasha

Vanquished Creatures
  A worm (D:2)
  A ball python (D:1)
  3 endoplasms
  5 giant cockroaches (D:1)
  2 goblins (D:1)
  A hobgoblin (D:1)
  A kobold (D:1)
  4 quokkas
  4 bats (D:1)
  3 frilled lizards (D:1)
  2 rats
27 creatures vanquished.

Table legend:
 A = Non-vault XP
 B = Vault XP
 C = Vault XP percentage of total XP
 D = Non-vault monster count
 E = Vault monster count
 F = Vault count percentage of total count
                 A         B        C        D         E       F
            +---------+---------+-------+---------+---------+-------
      Total |      48 |       0 |   0.0 |      27 |       0 |   0.0
            +---------+---------+-------+---------+---------+-------
        D:1 |      32 |       0 |   0.0 |      20 |       0 |   0.0
        D:2 |      16 |       0 |   0.0 |       7 |       0 |   0.0
            +---------+---------+-------+---------+---------+-------

Illustrated notes

Table legend:
 A = Kills in this place as a percentage of kills in entire the game.
 B = Kills by you in this place as a percentage of kills by you in the entire game.
 C = Kills by friends in this place as a percentage of kills by friends in the entire game.
 D = Other kills in this place as a percentage of other kills in the entire game.
 E = Experience gained in this place as a percentage of experience gained in the entire game.
 F = Experience gained in this place divided by the number of levels of this place that you have seen.
                   A       B       C       D       E      F
               +-------+-------+-------+-------+-------+----------------------
         Total | 100.0 | 100.0 |   N/A |   N/A | 100.0 |  16.0
       Dungeon | 100.0 | 100.0 |   N/A |   N/A | 100.0 |  24.0
               +-------+-------+-------+-------+-------+----------------------

Table legend: (Time is in decaauts)
 A = Elapsed time spent in this place.
 B = Non-inter-level travel time spent in this place.
 C = Inter-level travel time spent in this place.
 D = Time resting spent in this place.
 E = Time spent auto-exploring this place.
 F = Levels seen in this place.
 G = Mean time per level.
                   A        B        C        D        E       F      G
               +--------+--------+--------+--------+--------+-----+--------+
         Total |   1465 |   1453 |     12 |    176 |   1071 |   3 |  488.3 |
       Dungeon |   1445 |   1433 |     12 |    176 |   1057 |   2 |  722.5 |
         Abyss |     20 |     20 |      0 |      0 |     14 |   1 |   20.0 |
               +--------+--------+--------+--------+--------+-----+--------+

Top non-repeatable levels by time:
     D:1: 919 daAuts
     D:2: 526 daAuts
 Abyss:1: 20 daAuts
